Map: Sanctuary III LE

Players

CannonRush

  • Race: Protoss Protoss
  • League: Grandmaster
  • Spawn Location: 7:00

Calyx - Winner!

  • Race: Terran Terran
  • League: Grandmaster
  • Spawn Location: 1:00

VOD

Have the link to the VOD?

Description

Time

  • Played on: June 29, 2026, 3:05 a.m.
  • Length: 9:02
Show
View Real Time Build Order
Export as new Build Order

CannonRush Protoss 

Build Orders: 1 Gate Expand, Oracle Opening 

Get SALT Encoding   

  8  0:00  Probe (Chrono Boost)  
  9  0:12  Probe (Chrono Boost)  
  11  0:21  Probe (Chrono Boost)  
  11  0:26  Probe  
  12  0:33  Pylon  
  12  0:38  Probe  
  13  0:52  Probe (Chrono Boost)  
  13  0:55  Gateway  
  14  1:04  Probe (Chrono Boost)  
  15  1:08  Assimilator  
  15  1:13  Probe (Chrono Boost)  
  15  1:18  Probe  
  17  1:30  Probe  
  18  1:43  Nexus  
  18  1:54  Cybernetics Core  
  18  1:58  Probe  
  19  2:04  Assimilator  
  19  2:10  Probe  
  19  2:15  Pylon  
  20  2:23  Probe  
  21  2:31  Stalker (Chrono Boost)  
  21  2:35  Probe  
  24  2:43  Stargate  
  24  2:49  Probe  
  25  2:55  Probe  
  25  3:00  Warp Gate  
  25  3:02  Probe  
  26  3:08  Probe  
  26  3:11  Shield Battery  
  27  3:15  Probe (Chrono Boost)  
  27  3:20  Probe (Chrono Boost)  
  27  3:23  Oracle (Chrono Boost)  
  31  3:34  Probe x2 (Chrono Boost)  
  33  3:41  Probe  
  33  3:42  Probe  
  33  3:48  Stalker  
  37  3:54  Probe x2  
  38  4:08  Probe x2  
  40  4:15  Twilight Council  
  40  4:21  Probe (Chrono Boost)  
  42  4:25  Probe (Chrono Boost)  
  42  4:38  Probe  
  42  4:50  Charge (Chrono Boost)  
  42  4:52  Pylon  
  42  5:01  Gateway x2  
  42  5:05  Pylon  
  42  5:10  Probe  
  42  5:11  Probe  
  42  5:12  Pylon  
  44  5:14  Gateway  
  44  5:15  Gateway  
  44  5:23  Probe x2  
  44  5:24  Nexus  
  44  5:26  Zealot  
  48  5:33  Gateway  
  48  5:35  Probe x2  
  47  5:47  Probe x2  
  49  5:54  Pylon  
  49  5:55  Pylon  
  49  5:57  Zealot  
  49  5:59  Zealot x2, Probe  
  49  6:01  Probe  
  57  6:10  Oracle  
  61  6:11  Probe  
  61  6:13  Probe  
  61  6:14  Zealot x2  
  66  6:20  Blink (Chrono Boost)  
  66  6:23  Probe  
  66  6:25  Probe  
  68  6:28  Pylon  
  68  6:31  Sentry  
  70  6:32  Stalker  
  70  6:35  Probe  
  70  6:36  Probe  
  70  6:37  Probe  
  75  6:44  Zealot x2  
  79  6:47  Phoenix, Probe  
  79  6:48  Probe  
  79  6:50  Forge  
  79  6:52  Forge  
  79  6:53  Probe  
  82  6:58  Zealot  
  82  6:59  Probe  
  85  7:05  Gateway x2  
  85  7:07  Probe  
  86  7:08  Zealot  
  88  7:15  Zealot x3  
  88  7:20  Probe  
  95  7:24  Pylon  
  95  7:26  Pylon  
  95  7:29  Zealot x2  
  99  7:35  Zealot  
  101  7:37  Zealot  
  101  7:43  Zealot x2  
  107  7:45  Probe  
  107  7:46  Probe x2  
  110  7:55  Pylon  
  104  8:07  Zealot x2  
  104  8:08  Zealot x4  
  82  8:25  Zealot x2  
  80  8:31  Stalker x5  
  80  8:32  Zealot  
  49  8:51  Zealot  
  49  8:53  Zealot x5  
  49  8:54  Zealot  
Show
View Real Time Build Order
Export as new Build Order

Calyx Terran - Winner!

Build Orders:  

Get SALT Encoding   

  8  0:00  SCV  
  9  0:12  SCV  
  10  0:24  SCV  
  11  0:28  Supply Depot  
  11  0:36  SCV  
  12  0:48  SCV  
  13  0:54  Barracks  
  13  1:01  Refinery  
  13  1:05  SCV  
  14  1:18  SCV  
  15  1:19  Refinery  
  15  1:30  SCV  
  16  1:44  Reaper  
  16  1:45  Orbital Command  
  17  2:06  Factory  
  17  2:10  SCV  
  18  2:16  Reaper  
  18  2:19  Supply Depot  
  19  2:25  SCV  
  20  2:37  SCV  
  21  2:49  SCV  
  22  2:55  Reaper  
  22  2:56  Hellion  
  25  3:04  Command Center  
  25  3:09  Supply Depot  
  25  3:12  SCV  
  26  3:23  Hellion  
  26  3:24  SCV  
  29  3:29  Barracks Reactor  
  29  3:35  Starport  
  29  3:38  SCV  
  30  3:45  Factory Tech Lab  
  30  3:50  SCV  
  31  4:07  Cyclone  
  31  4:08  Marine x2  
  33  4:12  SCV  
  33  4:13  Viking  
  36  4:18  Orbital Command  
  36  4:24  SCV  
  36  4:26  Marine x2  
  39  4:36  SCV  
  40  4:45  Cyclone  
  41  4:46  Viking  
  40  4:53  SCV x2  
  40  4:57  Marine  
  40  4:58  Marine  
  42  5:05  SCV x2  
  44  5:07  Barracks  
  44  5:09  Barracks  
  44  5:16  Engineering Bay  
  44  5:17  SCV x2  
  44  5:19  Supply Depot  
  46  5:23  Starport Tech Lab  
  46  5:25  Siege Tank  
  46  5:28  Marine  
  50  5:35  Refinery  
  50  5:40  Marine, SCV x2  
  53  5:48  Terran Infantry Weapons Level 1  
  53  5:52  Supply Depot  
  53  5:53  SCV x2  
  55  5:59  Starport Reactor  
  55  6:04  Supply Depot  
  55  6:05  SCV x2  
  55  6:07  Marine  
  58  6:13  Marine x3  
  58  6:14  Stimpack  
  58  6:16  Combat Shield  
  58  6:17  SCV x2  
  63  6:20  Factory Reactor  
  63  6:24  Supply Depot  
  63  6:25  Marine  
  63  6:29  SCV x2  
  63  6:31  Marine  
  63  6:32  Marauder x2  
  71  6:36  Refinery  
  71  6:38  Medivac  
  73  6:42  SCV  
  73  6:44  Supply Depot  
  73  6:45  SCV  
  73  6:46  Supply Depot  
  75  6:50  Marine x2  
  75  6:52  Medivac  
  79  6:54  Marauder  
  79  6:57  SCV  
  82  7:06  SCV, Marauder  
  82  7:07  Supply Depot  
  85  7:09  Widow Mine x2  
  90  7:19  Marine x2, Marauder  
  93  7:27  Marauder  
  95  7:32  Medivac x2  
  99  7:38  Marine x2  
  99  7:39  Command Center  
  99  7:40  Marauder  
  99  7:43  Supply Depot  
  102  7:47  Command Center, Widow Mine x2  
  89  8:14  Marauder  
  89  8:16  Marine x2, Marauder  
  89  8:17  SCV x2  
  93  8:22  Barracks  
  93  8:24  Barracks  
  90  8:34  Marine x2  
  90  8:36  Marauder  
  90  8:38  Marauder  
Tags
 
Add a new tag
Caveats
  • Supply blocks, unpowered buildings, or Contaminate may cause inaccurate times.
  • Supply counts are checked every 10 seconds.